 Dungeon Crawl Stone Soup version 0.31-a0-664-g902f515a81 (webtiles) character file.

Game seed: 3598377207285317306

5968 Revguard the Trooper (level 10, -3/80 HPs)
             Began as a Demonspawn Berserker on Sept 2, 2023.
             Was a High Priest of Trog.
             Slain by a warg (10 damage)
             ... on level 8 of the Dungeon.
             The game lasted 00:16:48 (6511 turns).

Revguard the Trooper (Demonspawn Berserker)         Turns: 6511, Time: 00:16:49

Health: -3/80      AC: 21    Str: 21    XL:     10   Next: 55%
Magic:  19/19      EV: 14    Int: 10    God:    Trog [*****.]
Gold:   73         SH:  9    Dex: 16    Spells: 9/9 levels left

rFire   . . .        A - +1 broad axe (flame)
rCold   . . .        (no shield)
rNeg    . . .        x - +0 plate armour
rPois   .            n - +0 helmet
rElec   +            r - +0 cloak
rCorr   .            e - +1 pair of gloves
SInv    .            (no boots)
Will    .....        p - amulet of reflection Stlth
                     j - +5 ring of evasion
HPRegen 0.33/turn    i - ring of Xolevakk {rElec MP+9 Stlth+}
MPRegen 0.16/turn

%: reflection
@: on berserk cooldown, slowed, studying Axes, very slow
A: thin skeletal structure 2, icemail 1, condensation shield
a: Renounce Religion, Berserk, Trog's Hand, Brothers in Arms


You were on level 8 of the Dungeon.
You worshipped Trog.
Trog was extremely pleased with you.
You visited 1 branch of the dungeon, and saw 8 of its levels.
You also visited: Ossuary and Bailey.

You collected 594 gold pieces.
You spent 521 gold pieces at shops.

Inventory:

Hand Weapons
 a - a +4 battleaxe
 A - a +1 broad axe of flaming (weapon)
Armour
 e - a +1 pair of gloves (worn)
 n - a +0 helmet (worn)
 o - a +0 chain mail
 r - a +0 cloak (worn)
 x - a +0 plate armour (worn)
Jewellery
 i - the ring of Xolevakk (right hand) {rElec MP+9 Stlth+}
   (You found it in a bailey)

   [ring of magical power]

   rElec:     It insulates you from electricity.
   MP+9:      It affects your magic capacity (+9).
   Stlth+:    It makes you more stealthy.
 j - a +5 ring of evasion (left hand)
 p - an amulet of reflection (around neck)
 y - a ring of positive energy
Wands
 f - a wand of flame (25)
 h - a wand of iceblast (10)
 B - a wand of mindburst (13)
 E - a wand of charming (7)
Scrolls
 d - a scroll of amnesia
 g - 5 scrolls of teleportation
 l - 2 scrolls of enchant armour
 m - 3 scrolls of revelation
 t - a scroll of identify
 u - 3 scrolls of fear
 z - 2 scrolls of poison
Potions
 b - 2 potions of ambrosia
 c - 2 potions of curing
 k - a potion of haste
 q - 2 potions of brilliance
 s - a potion of berserk rage
 v - 2 potions of magic
 w - 2 potions of mutation
 D - a potion of attraction


   Skills:
 + Level 7.8 Fighting
 + Level 7.6 Axes
 + Level 6.7 Armour
 + Level 6.8 Dodging
 + Level 7.0 Evocations


You had 9 spell levels left.
You didn't know any spells.
Your spell library was empty.

Dungeon Overview and Level Annotations

Branches:
Dungeon (8/15)             Temple (0/1) D:7         Ossuary (visited)
 Bailey (visited)
   Lair: D:8-11

Altars:
Fedhas
Hepliaklqana
Nemelex Xobeh
Okawaru
Qazlal
Sif Muna
Trog
Wu Jian

Shops:
D:1 [   D:7 *


Innate Abilities, Weirdness & Mutations

You have a moderately thin skeletal structure. (Dex +4, Stealth++)
A meltable icy envelope protects you from harm. (AC +4)
A meltable shield of frost defends you. (SH +4)


Message History

An orc priest comes into view. It is wielding a +0 flail.
The warg stops to sniff the ground.
The warg misses you. The wight hits you with a +0 scimitar!
You feel drained.
You hit the warg but do no damage.
The warg is severely wounded.
You slash the orc! You burn the orc.
You kill the orc!
Trog accepts your kill.
You slash the wight! You burn the wight. The warg misses you.
The wight closely misses you. The warg bites you.
The orc priest invokes the aid of Beogh against you.
Beogh smites you!
* * * LOW HITPOINT WARNING * * *
You block the wight's attack. The orc barely misses you.
Your life force feels restored.
Aiming: Mindburst
Press: ? - help, Shift-Dir - straight line, f - orc priest
Aim: an orc priest, wielding a +0 flail and wearing a +0 leather armour (chance to affect: 85%)
The orc priest's mind is blasted!!
You blow up the orc priest!
Trog accepts your kill. The warg bites you but does no damage.
You block the warg's attack. You block the orc's attack.
The wight closely misses you.
You barely miss the warg.
The warg is severely wounded.
You slash the orc! You burn the orc.
You kill the orc!
Trog accepts your kill.
You hit the wight. You burn the wight. You block the warg's attack.
The wight hits you with a +0 scimitar.
* * * LOW HITPOINT WARNING * * *
The warg misses you.
An orc wizard comes into view. It is wielding a +0 dagger.
The wight barely misses you. The warg bites you.
* * * LOW HITPOINT WARNING * * *
You completely miss the warg.
The warg is severely wounded.
The orc wizard shouts!
You hit the wight but do no damage. The warg bites you!
You die...

#. .............#
... #. ..........#
...# #.
#.......... ..##.
#..........
....##..........
#............#
#..##)hz....#.
#<##†@)......
#...#).......
#..###.......
#....# .......
........ .......
#......... ....)..
..................
.........##...###o
..§.§..... ..


You could see a warg, a wight and an orc wizard.

Vanquished Creatures
  An orc warlord (Bailey)
  5 yaks (D:8)
  A warg (D:8)
  Menkaure (D:5)
  Edmund (D:5)
  11 orc warriors
  Duvessa (D:6)
  2 ice beasts (D:7)
  A black bear (D:5)
  An ogre (D:5)
  A centaur (D:7)
  A phantom (D:4)
  2 elf zombies (Ossuary)
  3 bullfrogs
  4 scorpions
  Dowan (D:6)
  5 wights
  A howler monkey (D:7)
  A centaur zombie (Ossuary)
  4 hounds
  6 jellies
  2 human zombies (Ossuary)
  8 orc priests
  Crazy Yiuf (D:3)
  5 iguanas
  A sleepcap (D:5)
  Terence (D:3)
  Natasha (thrice) (D:2)
  5 orc wizards
  2 hound zombies (Ossuary)
  3 mummies (Ossuary)
  Robin (D:3)
  9 adders
  9 gnolls (Bailey)
  A shadow imp (D:8)
  3 white imps
  2 ufetubi (D:5)
  2 adder zombies (Ossuary)
  2 worms
  4 dart slugs
  37 orcs
  10 bats
  4 endoplasms
  A giant cockroach (D:4)
  29 goblins
  22 hobgoblins
  6 jackals
  3 quokkas (D:2)
  6 ball pythons
  5 frilled lizards
  2 gnoll zombies (Ossuary)
  3 goblin zombies (Ossuary)
  4 hobgoblin zombies (Ossuary)
  5 jackal zombies (Ossuary)
  7 kobolds
  6 kobold zombies (Ossuary)
  2 orc zombies (Ossuary)
  3 quokka zombies (Ossuary)
  3 rats
  A rat zombie (Ossuary)
277 creatures vanquished.

Notes
Turn   | Place    | Note
-------+----------+-------------------------------------------
     0 | D:1      | Revguard the Demonspawn Berserker began the quest for the
                  | Orb.
     0 | D:1      | Reached XP level 1. HP: 18/18 MP: 1/1
   139 | D:1      | Found a faded altar of an unknown god.
   153 | D:1      | Found Cim Ogog's Armour Shop.
   451 | D:1      | Gained mutation: A meltable shield of frost defends you.
                  | (SH +4) [demonic ancestry]
   451 | D:1      | Reached XP level 2. HP: 21/24 MP: 2/2
   750 | D:2      | Found a bloodstained altar of Trog.
   837 | D:2      | Reached skill level 1 in Evocations
   855 | D:2      | Reached XP level 3. HP: 27/29 MP: 3/3
   861 | D:2      | Reached ** piety under Trog
  1128 | D:2      | Noticed Natasha
  1135 | D:2      | Killed Natasha
  1136 | D:2      | Reached XP level 4. HP: 35/35 MP: 4/4
  1212 | D:2      | Noticed Natasha
  1230 | D:2      | Killed Natasha
  1355 | D:2      | Noticed Natasha
  1362 | D:2      | Killed Natasha
  1555 | D:3      | Reached XP level 5. HP: 42/42 MP: 5/5
  1603 | D:3      | Noticed Robin
  1625 | D:3      | Killed Robin
  1905 | D:3      | Noticed Terence
  1921 | D:3      | Killed Terence
  2243 | D:3      | Found a runed translucent door.
  2244 | D:3      | Noticed Crazy Yiuf
  2257 | D:3      | Killed Crazy Yiuf
  2372 | D:4      | Reached XP level 6. HP: 48/48 MP: 6/6
  2373 | D:4      | Found a shimmering blue altar of Sif Muna.
  2785 | D:4      | Reached *** piety under Trog
  3138 | D:5      | Entered Level 5 of the Dungeon
  3138 | D:5      | Noticed Menkaure
  3146 | D:5      | Killed Menkaure
  3147 | D:5      | Reached XP level 7. HP: 24/55 MP: 7/7
  3154 | D:5      | Found a sand-covered staircase.
  3189 | Ossuary  | Entered an ossuary
  3446 | Ossuary  | Reached skill level 5 in Fighting
  3695 | D:5      | Reached **** piety under Trog
  3713 | D:5      | Gained mutation: A meltable icy envelope protects you from
                  | harm. (AC +4) [demonic ancestry]
  3713 | D:5      | Reached XP level 8. HP: 61/62 MP: 8/8
  4037 | D:5      | Found a hazy altar of Hepliaklqana.
  4108 | D:5      | Noticed Edmund
  4117 | D:5      | Reached skill level 5 in Axes
  4124 | D:5      | Killed Edmund
  4179 | D:5      | Identified the +8 mace of Overwhelming Force {freeze, Will+
                  | Int+4}
  4377 | D:6      | Noticed Duvessa
  4377 | D:6      | Noticed Dowan
  4386 | D:6      | Killed Dowan
  4389 | D:6      | Killed Duvessa
  4534 | D:6      | Reached skill level 5 in Dodging
  4710 | D:6      | Found an ornate altar of the Wu Jian Council.
  4829 | D:6      | Found a hazy altar of Hepliaklqana.
  4854 | D:6      | Reached skill level 5 in Armour
  4854 | D:6      | Reached skill level 5 in Evocations
  4889 | D:6      | Gained mutation: You have a somewhat thin skeletal
                  | structure. (Dex +2, Stealth+) [demonic ancestry]
  4889 | D:6      | Reached XP level 9. HP: 69/69 MP: 9/9
  4889 | D:6      | Found an iron altar of Okawaru.
  4939 | D:6      | Found a blossoming altar of Fedhas.
  4999 | D:7      | Found a stormy altar of Qazlal.
  5046 | D:7      | Found a flagged portal.
  5071 | Bailey   | Entered a bailey
  5243 | Bailey   | Noticed an orc warlord
  5267 | Bailey   | Killed an orc warlord
  5268 | Bailey   | Gained mutation: You have a moderately thin skeletal
                  | structure. (Dex +4, Stealth++) [demonic ancestry]
  5268 | Bailey   | Reached XP level 10. HP: 51/79 MP: 10/10
  5306 | Bailey   | Identified the ring of Xolevakk {rElec MP+9 Stlth+}
  5322 | Bailey   | Acquired a manual of Axes
  5585 | D:7      | Found a sparkling altar of Nemelex Xobeh.
  5615 | D:7      | Found a staircase to the Ecumenical Temple.
  5726 | D:7      | Found Saynen's Assorted Antiques.
  5733 | D:7      | Bought a potion of mutation for 280 gold pieces
  5733 | D:7      | Bought a curved bronze wand for 140 gold pieces
  5733 | D:7      | Bought a scroll of identify for 70 gold pieces
  5733 | D:7      | Bought a ruby potion for 31 gold pieces
  6505 | D:8      | Reached ***** piety under Trog
  6511 | D:8      | Slain by a warg

Illustrated notes

Levels and vault maps discovered:
D:1:      dpeg_arrival_shrine, layout_loops_ring,
          shapermc_ecumenical_altar_mp_ritualfount, serial_shops, shop
D:2:      layout_rooms, basic_altar, minmay_pentomino_o4, uniq_natasha
D:3:      layout_rooms, grunt_ministairs_13, saegor_snake_ambush,
          uniq_crazy_yiuf_cottage, uniq_terence, uniq_robin
D:4:      layout_basic, old_standard_altar
D:5:      layout_cave_pools, nicolae_ossuary_entry_false_entrances,
          minmay_ruined_shrine, uniq_edmund, uniq_menkaure
D:6:      wander_river, layout_basic, mainiacjoe_overflow_cross_hatched,
          lemuel_crystal_altar, okawaru_ov_weapons_minmay,
          overflow_temple_1_default, lemuel_doored_altar, uniq_duvessa
D:7:      layout_basic, lemuel_tele_altar, mainiacjoe_overflow_alcove_2,
          minmay_temple_entry_mini_moons, enter_bailey_6, serial_shops,
          nicolae_shop_statue_plus, st_stairs_9
D:8:      layout_cave_pools, mainiacjoe_overflow_chevrons,
          erik_lair_orcish_takeover, nicolae_water_bricks, serial_bayou_pond_b,
          uniq_maurice

Skill      XL: |  1  2  3  4  5  6  7  8  9 10 |
---------------+-------------------------------+-----
Armour         | 2 3 4 5 6 |  6.7
Dodging        | 2 3 4 5 6 |  6.8
Evocations     | 1 2 3 5 6 7 |  7.0
Axes           | 3 4 5 6 7 |  7.6
Fighting       | 4 5 6 7 |  7.8

Action                     |  1- 3 |  4- 6 |  7- 9 | 10-12 || total
---------------------------+-------+-------+-------+-------++-------
  Melee: Hand axe          |   119 |   237 |   348 |       ||   704
         Punch             |     1 |     4 |     7 |     2 ||    14
         Broad axe         |       |       |    20 |    81 ||   101
 Invoke: Berserk           |     2 |     5 |     5 |     1 ||    13
         Trog's Hand       |       |     5 |     3 |       ||     8
         Brothers in Arms  |       |       |     1 |       ||     1
  Evoke: Wand              |       |       |       |     1 ||     1
    Use: Potion            |       |     8 |     2 |     1 ||    11
         Scroll            |       |     6 |     9 |     4 ||    19
   Stab: Sleeping          |       |     1 |       |       ||     1
         Invisible         |       |       |    13 |     1 ||    14
 Armour: Animal skin       |    34 |       |       |       ||    34
         Leather armour    |    29 |    63 |       |       ||    92
         Chain mail        |       |    55 |   121 |       ||   176
         Plate armour      |       |       |    67 |    70 ||   137
  Dodge: Dodged            |   124 |   198 |   225 |    72 ||   619
  Block: Other             |    26 |    65 |   161 |    52 ||   304
         Reflection        |       |     2 |     1 |       ||     3

Table legend: (Time is in decaauts)
 A = Elapsed time spent in this place.
 B = Non-inter-level travel time spent in this place.
 C = Inter-level travel time spent in this place.
 D = Time resting spent in this place.
 E = Time spent auto-exploring this place.
 F = Levels seen in this place.
 G = Mean time per level.
                   A        B        C        D        E       F      G
               +--------+--------+--------+--------+--------+-----+--------+
         Total |   6739 |   6556 |    183 |    224 |   4251 |  10 |  673.9 |
       Dungeon |   5802 |   5619 |    183 |    110 |   3918 |   8 |  725.2 |
       Ossuary |    513 |    513 |      0 |     80 |    231 |   1 |  513.0 |
        Bailey |    424 |    424 |      0 |     33 |    102 |   1 |  424.0 |
               +--------+--------+--------+--------+--------+-----+--------+

Top non-repeatable levels by time:
     D:7: 1088 daAuts
     D:3: 938 daAuts
     D:2: 795 daAuts
     D:4: 768 daAuts
     D:1: 757 daAuts
     D:5: 754 daAuts
     D:6: 644 daAuts
 Ossuary: 513 daAuts
  Bailey: 424 daAuts
     D:8: 53 daAuts
